 Dungeon Crawl Stone Soup version 0.24.0-123-gd5b16e6ec5 (webtiles) character file.

Game seed: 139966536613245097, levelgen mode: deterministic

338 Bergy the Spear-Bearer (level 6, -4/44 HPs)
             Began as a Merfolk Gladiator on Jan 5, 2020.
             Slain by Grinder (7 damage)
             ... on level 3 of the Dungeon.
             The game lasted 00:08:30 (3509 turns).

Bergy the Spear-Bearer (Merfolk Gladiator)          Turns: 3509, Time: 00:08:31

Health: -4/44      AC:  4    Str: 17    XL:     6   Next: 55%
Magic:  6/6        EV: 14    Int: 12    God:
Gold:   195        SH:  0    Dex: 15    Spells: 5/5 levels left

rFire    . . .     SeeInvis .   a - +0 trident
rCold    . . .     Gourm    .   (no shield)
rNeg     . . .     Faith    .   b - +0 leather armour
rPois    .         Spirit   .   c - +0 helmet
rElec    .         Reflect  .   (no cloak)
rCorr    .         Harm     .   (no gloves)
MR       .....                  (no boots)
Stlth    +.........             (no amulet)
HPRegen  0.14/turn              (no ring)
MPRegen  0.10/turn              (no ring)

@: brilliant
A: change form in water, swift swim, stealthy swim
a: no special abilities


You were on level 3 of the Dungeon.
You were not hungry.

You visited 1 branch of the dungeon, and saw 3 of its levels.
You also visited: Sewer.

You collected 195 gold pieces.

Inventory:

Hand Weapons
 a - a +0 trident (weapon)
 o - a +0 halberd
Missiles
 d - 5 throwing nets (quivered)
Armour
 b - a +0 leather armour (worn)
 c - a +0 helmet (worn)
Jewellery
 j - an uncursed ring of wizardry {unknown}
Scrolls
 h - a scroll of magic mapping {unknown}
 i - 4 scrolls of teleportation
 k - a scroll of identify
 l - a scroll of remove curse {unknown}
 n - a scroll of random uselessness {unknown}
 p - a scroll of amnesia {unknown}
 u - a scroll of noise {unknown}
 v - 3 scrolls of blinking
 x - a scroll of fog {unknown}
Potions
 g - a potion of brilliance
 m - a potion of ambrosia {unknown}
 q - a potion of lignification {unknown}
 r - a potion of might {unknown}
 s - a potion of degeneration {unknown}
 t - 4 potions of flight
Comestibles
 f - 6 rations
 w - a chunk of flesh


   Skills:
 + Level 2.1 Fighting
 - Level 10.1 Polearms
 - Level 2.0 Throwing
 * Level 0.4 Armour
 - Level 4.0 Dodging


You had 5 spell levels left.
You didn't know any spells.
Your spell library was empty.

Dungeon Overview and Level Annotations

Branches:
Dungeon (3/15)              Sewer (visited)

Altars:
Ru

Annotations:
D:3 Grinder


Message History

You shrug off the repeated paralysis!
Grinder gestures at you. Pain shoots through your body!
Grinder gestures at you. Pain shoots through your body! Grinder hits you!
* * * LOW HITPOINT WARNING * * *
You writhe in agony.
* * * LOW HITPOINT WARNING * * *
Grinder gestures at you.
You shrug off the repeated paralysis!
You can move again.
You see here 13 sling bullets.
You are too injured to fight recklessly!
It was a potion of brilliance.
You feel clever all of a sudden. Grinder closely misses you.
Grinder blinks!
Grinder hits you!
You die...

#..#####.#.##.#..# #.##........
#..#####.#.#.....# #.##.##...#.
#..........#.....#####.##.##...#.
.................##..........###.
#.....##..##.....##.##....... ..
########..###.#..##.#####.## ##
#..###.#..##.# #.#
#.........5..#####.#
#########..<....@..§.(....#
.......÷..#########..........#
########### ############


You could see Grinder.

Vanquished Creatures
  An iguana (D:2)
  A merfolk avatar (Sewer)
  2 merfolk sirens (Sewer)
  3 gnolls (D:2)
  12 adders
  A river rat (Sewer)
  2 worms
  2 dart slugs
  10 leopard geckos
  An orc (D:3)
  7 ball pythons
  7 giant cockroaches
  4 goblins
  4 hobgoblins
  3 jackals (D:2)
  A quokka (D:2)
  4 frilled lizards
  3 kobolds
  27 rats
95 creatures vanquished.

Notes
Turn   | Place    | Note
-------+----------+-------------------------------------------
     0 | D:1      | Bergy the Merfolk Gladiator began the quest for the Orb.
     0 | D:1      | Reached XP level 1. HP: 16/16 MP: 1/1
   341 | D:1      | Reached skill level 5 in Polearms
   370 | D:1      | Reached XP level 2. HP: 21/22 MP: 2/2
   935 | D:2      | Reached XP level 3. HP: 27/27 MP: 3/3
   970 | D:2      | Reached skill level 6 in Polearms
  1181 | D:2      | Reached XP level 4. HP: 23/33 MP: 4/4
  1321 | D:2      | Reached skill level 7 in Polearms
  1607 | D:2      | Found a sacrificial altar of Ru.
  2012 | D:3      | Reached XP level 5. HP: 36/38 MP: 5/5
  2029 | D:3      | Reached skill level 8 in Polearms
  2327 | D:3      | Found a glowing drain.
  2354 | Sewer    | Entered a sewer
  2589 | Sewer    | Reached skill level 9 in Polearms
  2674 | Sewer    | Reached XP level 6. HP: 40/44 MP: 6/6
  3309 | D:3      | Reached skill level 10 in Polearms
  3389 | D:3      | Noticed Grinder
  3393 | D:3      | Paralysed by Grinder for 5 turns
  3415 | D:3      | Paralysed by Grinder for 4 turns
  3497 | D:3      | Paralysed by Grinder for 7 turns
  3502 | D:3      | HP: 2/44 [Grinder (6)]
  3509 | D:3      | Slain by Grinder

Levels and vault maps discovered:
D:1:      minmay_arrival_shoal_huts, layout_basic
D:2:      layout_basic, nicolae_ru_awakened_eye, first_ration,
          kennysheep_generic_room_16
D:3:      layout_loops_ring, gup_sewer_entry_pipe, minmay_misc_feat_cross,
          minmay_between, uniq_grinder

Skill      XL: |  1  2  3  4  5  6 |
---------------+-------------------+-----
Polearms       | 5 6 7 9 10 | 10.1
Fighting       | |  2.1
Throwing       | |  2.0
Armour         | |  0.4
Dodging        | |  4.0

Action                   |  1- 3 |  4- 6 || total
-------------------------+-------+-------++-------
Melee: Trident           |    76 |   244 ||   320
       Tailslap          |       |     7 ||     7
  Use: Potion            |       |     4 ||     4
       Scroll            |       |     3 ||     3
 Stab: Sleeping          |       |     5 ||     5
  Eat: Chunk             |     1 |     4 ||     5
       Ration            |       |     1 ||     1
Armor: Leather armour    |     7 |    23 ||    30
Dodge: Dodged            |    43 |   114 ||   157
